 Dungeon Crawl Stone Soup version 0.29-a0-521-g59ce8b2d47 (webtiles) character file.

Game seed: 17172561883357739680

84 Nedwor the Cudgeller (level 4, -1/41 HPs)
             Began as a Minotaur Fighter on June 1, 2022.
             Slain by an orc
             ... wielding a +0 hand axe
              (5 damage)
             ... on level 3 of the Dungeon.
             The game lasted 00:02:12 (1658 turns).

Nedwor the Cudgeller (Minotaur Fighter)             Turns: 1658, Time: 00:02:13

Health: -1/41      AC:  9    Str: 22    XL:     4   Next: 24%
Magic:  3/3        EV:  9    Int:  5    God:
Gold:   124        SH:  4    Dex: 10    Spells: 3/3 levels left

rFire   . . .      SeeInvis .   a - +0 flail
rCold   + . .      Faith    .   c - +0 buckler
rNeg    . . .      Spirit   .   b - +0 scale mail
rPois   .          Reflect  .   (helmet restricted)
rElec   .          Harm     .   k - +1 cloak
rCorr   .          Rampage  .   (no gloves)
Will    .....                   (no boots)
Stlth   ..........              (no amulet)
HPRegen 0.13/turn               e - ring of protection from cold
MPRegen 0.08/turn               (no ring)

@: no status effects
A: horns 2, retaliatory headbutt
a: no special abilities


You were on level 3 of the Dungeon.
You visited 1 branch of the dungeon, and saw 3 of its levels.

You collected 124 gold pieces.

Inventory:

Hand Weapons
 a - a +0 flail (weapon)
 i - a +0 whip
Armour
 b - a +0 scale mail (worn)
 c - a +0 buckler (worn)
 k - a +1 cloak (worn)
Jewellery
 e - a ring of protection from cold (left hand)
 j - an amulet of the acrobat
Wands
 g - a wand of charming (11)
Scrolls
 f - a scroll of fog {unknown}
 h - a scroll of identify {unknown}
Potions
 d - a potion of might


   Skills:
 - Level 4.6 Fighting
 * Level 4.7 Maces & Flails
 - Level 3.6 Armour
 + Level 3.6 Shields


You had 3 spell levels left.
You didn't know any spells.
Your spell library contained the following spells:

 Spells                   Type           Power      Damage    Failure   Level
 Poisonous Vapours        Pois/Air       0%         N/A       95%         2
 Corpse Rot               Necr/Pois/Air  0%         N/A       100%        4


Dungeon Overview and Level Annotations

Branches:
Dungeon (3/15)

Altars:


Innate Abilities, Weirdness & Mutations

You have a pair of horns on your head.
You reflexively headbutt those who attack you in melee.


Message History

You sock the orc!
You kill the orc!
You closely miss the orc. The orc hits you but does no damage.
You are electrocuted!!
You closely miss the orc. Your headbutt misses the orc.
The orc hits you but does no damage. You block the orc's attack.
You sock the orc!
You kill the orc!
The orc hits you but does no damage. The orc closely misses you.
You block the orc's attack.
You barely miss the orc. You headbutt the orc.
The orc is moderately wounded.
The orc completely misses you. The orc hits you but does no damage.
You are electrocuted!
The orc hits you with a +0 hand axe.
* * * LOW HITPOINT WARNING * * *
You are too injured to fight recklessly!
You are too injured to fight recklessly!
You are too injured to fight recklessly!
The orc hits you with a +0 whip of electrocution.
* * * LOW HITPOINT WARNING * * *
The orc attacks as you move away! The orc hits you with a +0 whip.
* * * LOW HITPOINT WARNING * * *
The orc attacks as you move away! The orc closely misses you.
The orc attacks as you move away! You block the orc's attack.
The orc attacks as you move away! The orc closely misses you.
You furiously retaliate!
You headbutt the orc. The orc attacks as you move away!
The orc hits you but does no damage. The orc attacks as you move away!
The orc hits you but does no damage. The orc attacks as you move away!
The orc completely misses you. The orc attacks as you move away!
The orc barely misses you. The orc attacks as you move away!
The orc hits you but does no damage. The orc barely misses you.
You furiously retaliate!
You headbutt the orc.
You kill the orc!
The orc attacks as you move away! The orc closely misses you.
You block the orc's attack. The orc attacks as you move away!
The orc closely misses you.
You thump the orc!
You kill the orc!
The orc hits you with a +0 hand axe.
You die...

..........## .##
######## #..####..###
..# ##... ..# ..##
#.....## #.###..###.#
#...#..###..######
#.##.......## ###.#.#
##......###.#.........##
.##...
#######...#............#
........
.....####...#..........#
....####
#...##.)............#
###.#
#.@o.......).)....# #
######....>...!...#
....##........##
#.####..........# #
#..........#
#.....>....#
#.........$#


You could see an orc.

Vanquished Creatures
  3 adders
  A worm (D:2)
  A dart slug (D:2)
  4 orcs (D:3)
  8 ball pythons
  2 endoplasms
  5 giant cockroaches
  3 goblins
  3 hobgoblins
  7 kobolds
  3 bats
  4 frilled lizards
  3 rats
47 creatures vanquished.

Notes
Turn   | Place    | Note
-------+----------+-------------------------------------------
     0 | D:1      | Nedwor the Minotaur Fighter began the quest for the Orb.
     0 | D:1      | Reached XP level 1. HP: 19/19 MP: 0/0
   144 | D:1      | Reached XP level 2. HP: 27/27 MP: 1/1
   721 | D:2      | Reached XP level 3. HP: 31/33 MP: 2/2
  1514 | D:3      | Reached XP level 4. HP: 41/41 MP: 3/3
  1658 | D:3      | Slain by an orc

Illustrated notes

Levels and vault maps discovered:
D:1:      psy_arrival_heroes, layout_rooms
D:2:      layout_rooms
D:3:      layout_rooms, dilly_ecumenical_altar_fadedgnrine

Skill      XL: |  1  2  3 |
---------------+----------+-----
Maces & Flails | 3 4 |  4.7
Fighting       | 4 |  4.6
Armour         | |  3.6
Shields        | |  3.6

Action                   |  1- 3 |  4- 6 || total
-------------------------+-------+-------++-------
Melee: Flail             |    87 |    14 ||   101
       Headbutt          |    12 |     1 ||    13
Armor: Scale mail        |    37 |    10 ||    47
Dodge: Dodged            |    35 |    11 ||    46
Block: Buckler           |    25 |     8 ||    33

Table legend: (Time is in decaauts)
 A = Elapsed time spent in this place.
 B = Non-inter-level travel time spent in this place.
 C = Inter-level travel time spent in this place.
 D = Time resting spent in this place.
 E = Time spent auto-exploring this place.
 F = Levels seen in this place.
 G = Mean time per level.
                   A        B        C        D        E       F      G
               +--------+--------+--------+--------+--------+-----+--------+
         Total |   1682 |   1625 |     57 |    257 |   1060 |   3 |  560.7 |
       Dungeon |   1682 |   1625 |     57 |    257 |   1060 |   3 |  560.7 |
               +--------+--------+--------+--------+--------+-----+--------+

Top non-repeatable levels by time:
     D:2: 920 daAuts
     D:1: 589 daAuts
     D:3: 171 daAuts
